Description

It is an All-in strategy that destroys the opponent's camp from 4:05 with 9 stalkers and 1 phoenix.

Don't forget to stop at 24 Probes.

Also, a Probe for a Proxy Pylon should be in the proper place until 3:30.

VOD

https://youtu.be/nKYqW5_Pb_E?t=722

Build Order

Get SALT Encoding   

  14  0:18  Pylon  1st
  16  0:37  Gateway  1st
  17  0:46  Assimilator  1st
  18  0:55  Assimilator  2nd
  19  1:08  Gateway  2nd, Send a probe to opponent's base
  21  1:24  Cybernetics Core  
  22  1:33  Pylon  2nd
  24  2:00  Warp Gate (Chrono Boost)  Upgrade
  24  2:01  Stalker x2  1st-2nd
  28  2:14  Pylon  3rd, Construct this Pylon to your expand
  28  2:32  Stalker x2  3rd-4th
  32  2:42  Stargate  
  32  2:45  Gateway  3rd
  32  3:05  Stalker x2  5th-6th
  36  3:16  Shield Battery  Defensive purpose(vs Oracle)
  36  3:28  Phoenix (Chrono Boost)  
  38  3:33  Pylon  4th, Proxy Pylon(1)
  38  3:53  Stalker x3  7th-9th
  44  3:55  Pylon  5th, Proxy Pylon(2)
Spawning Tool Build Advisor. Get it on Overwolf

Analysis

Original text(KR)

<Tips>

(1)Reconnaissance

Send a Probe who built the second Gateway to the enemy's camp.

(2)Proxy Pylons

Construct 4th & 5th Pylons nearby the base of the enemy.

(3) Chrono Boost

1st&2nd -> Nexus(Probe)

3rd -> Warp Gate(Upgrade)

4th -> Stargate(Phoenix)

<Difficulties>

(1) vs [2Gates -> Stargate(Oracle) -> Nexus]

Easy.

(2) vs [Proxy Void Ray - Shield Battery]

Easy.

(3) vs [Proxy Robotics Facility - 3Gates]

Easy.

(4) vs [2Gates -> Stargate(Phoenix) -> Nexus]

Neutral.

(5) vs [4Gates]

Neutral.

(6) vs [2Gates -> Robotics Facility - Nexus]

Hard.

(7) vs [3Gates - Blink Stalkers]

Hard.

(8) vs [Fast Dark Templar]

Hard.

Go to:

Details

  • Created by: heynocola
  • Published on: Apr 24, 2018
  • Modified on: Jul 03, 2018
  • Patch: 4.0.0
Show
View Real Time Build Order
Export as new Build Order

Comments (0)

There are no comments. Be the first!

Create an account to comment!